 Dungeon Crawl Stone Soup version 0.31-a0-521-gc7390f8997 (webtiles) character file.

Game seed: 10713983065497031558

65 javelincjr the Sneak (level 4, -6/27 HPs)
             Began as an Octopode Hedge Wizard on Aug 10, 2023.
             Killed from afar by Sigmund (10 damage)
             ... with a magic dart
             ... on level 2 of the Dungeon.
             The game lasted 00:06:42 (2560 turns).

javelincjr the Sneak (Octopode Hedge Wizard)        Turns: 2560, Time: 00:06:43

Health: -6/27      AC:  1    Str:  9    XL:     4   Next: 13%
Magic:  3/8        EV: 13    Int: 18    God:
Gold:   93         SH:  0    Dex: 11    Spells: 4/9 levels left

rFire   . . .        p - +0 short sword (speed)
rCold   . . .        (no shield)
rNeg    . . .        b - +0 hat
rPois   .            (no amulet)
rElec   .            (no ring)
rCorr   .            (no ring)
SInv    .            (no ring)
Will    .....        (no ring)
Stlth   +++          (no ring)
HPRegen 0.24/turn    (no ring)
MPRegen 0.11/turn    (no ring)
                     (no ring)

%: no passive effects
@: no status effects
A: almost no armour, amphibious, 8 rings, camouflage 1, gelatinous body 1,
(nimble swimmer 1), tentacles
a: no special abilities


You were on level 2 of the Dungeon.
You visited 1 branch of the dungeon, and saw 2 of its levels.

You collected 93 gold pieces.

Inventory:

Hand Weapons
 a - a +0 dagger
 g - a +3 short sword
 p - a +0 short sword of speed (weapon)
Armour
 b - a +0 hat (worn)
Magical Staves
 n - a staff of death
Jewellery
 m - a ring of resist corrosion
Scrolls
 d - a scroll of identify {unknown}
 e - a scroll of fog {unknown}
 j - a scroll of teleportation {unknown}
 k - a scroll of blinking {unknown}
Potions
 c - a potion of magic
 f - 3 potions of brilliance {unknown}
 h - a potion of attraction {unknown}
 i - 3 potions of curing {unknown}
 l - a potion of ambrosia {unknown}
 o - a potion of degeneration {unknown}


   Skills:
 + Level 2.5 Dodging
 + Level 3.3 Stealth
 + Level 3.2 Spellcasting
 + Level 1.9 Conjurations
 + Level 1.6 Summonings
 + Level 1.7 Translocations


You had 4 spell levels left.
You knew the following spells:

 Your Spells              Type           Power      Damage    Failure   Level
a - Magic Dart            Conj           36%        1d4       7%          1
b - Call Imp              Summ           16%        N/A       12%         2
c - Blink                 Tloc           18%        N/A       12%         2

Your spell library contained the following spells:

 Spells                   Type           Power      Damage    Failure   Level
 Slow                     Hex            8%         N/A       16%         1
 Sting                    Tmut/Pois      8%         1d3       16%         1
 Cigotuvi's Dreadful Rot  Necr/Pois/Air  4%         N/A       24%         2
 Poisonous Vapours        Pois/Air       4%         N/A       24%         2
 Mephitic Cloud           Conj/Pois/Air  5%         N/A       36%         3
 Olgreb's Toxic Radiance  Pois           2%         N/A       85%         4


Dungeon Overview and Level Annotations

Branches:
Dungeon (2/15)

Altars:

Annotations:
D:2 Sigmund


Innate Abilities, Weirdness & Mutations

You cannot wear most types of armour.
You are amphibious.
You can wear up to eight rings at the same time.
Your skin changes colour to match your surroundings (Stealth+).
Your rubbery body absorbs attacks. (AC +1, EV +1)
((You are camouflaged when in or above water. (Stealth+)))
You have tentacles for arms and can constrict up to eight enemies at once.


Message History

A tiny devil pulls itself out of the air.
Sigmund asks, "Do you like me?"
Your cerulean imp barely misses Sigmund.
Your cerulean imp hits Sigmund but does no damage.
Sigmund closely misses you.
Your cerulean imp barely misses Sigmund.
You barely miss Sigmund. Your grab misses Sigmund.
Sigmund is moderately wounded.
Sigmund casts a spell at you. The magic dart hits you!
You closely miss Sigmund. You grab Sigmund.
Sigmund is moderately wounded.
You constrict Sigmund.
Your cerulean imp barely misses Sigmund.
You hit Sigmund. You squeeze Sigmund.
Sigmund is heavily wounded.
You constrict Sigmund, but do no damage.
Sigmund mumbles some strange words.
Sigmund flickers and vanishes!
You hit something. You constrict something. You hit something.
You constrict something.
You hear some strange, mumbled words.
A puff of flame appears from out of thin air!
The puff of flame hits you.
You hit something. Your squeeze misses something. You constrict something.
Something hits you!
* * * LOW HITPOINT WARNING * * *
Something freezes you.
* * * LOW HITPOINT WARNING * * *
You barely miss something. You constrict something. You barely miss something.
You constrict something.
Casting: Call Imp (safe; 12% risk of failure)
Confirm with . or Enter, or press ? or * to list all spells.
You blink.
You lose your grip on something.
Your cerulean imp barely misses something.
You feel stable enough to blink again.
Your cerulean imp hits something but does no damage.
A magic dart appears from out of thin air!
The magic dart hits you!
You die...

#######################
#..........##[........###########
#.###.....##....#####...........#
#)# #.....##.....## #..########.#
#.# #.#...##♣...#.# #..# #.# #.#
#.#†####......# #..########..
#.###.#(####......###............
.<.........##...@......##########
........##.#####..####.#########.
..########.# #..# ##......>...#
.<# ### #.# #..###...######..#
..# ##.###.# #..##.....####.#..
..###.#.##.# #...............##
..##.#.....# #.###......####..#
..###...########{# ##...#.# #.#.
.......@#5{....5.# #####.# #.##


There were no monsters in sight!

Vanquished Creatures
  2 adders (D:2)
  A worm (D:2)
  A dart slug (D:1)
  2 bats (D:2)
  5 endoplasms
  2 goblins (D:2)
  2 hobgoblins (D:2)
  7 kobolds
  3 quokkas
  6 ball pythons
  4 frilled lizards
  6 rats
41 creatures vanquished.

Vanquished Creatures (collateral kills)
  An endoplasm (D:2)
  A kobold (D:2)
  A frilled lizard (D:2)
3 creatures vanquished.

Grand Total: 44 creatures vanquished

Notes
Turn   | Place    | Note
-------+----------+-------------------------------------------
     0 | D:1      | javelincjr the Octopode Hedge Wizard began the quest for
                  | the Orb.
     0 | D:1      | Reached XP level 1. HP: 11/11 MP: 4/4
   275 | D:1      | Reached XP level 2. HP: 17/17 MP: 4/6
  1305 | D:2      | Learned a level 2 spell: Call Imp
  1308 | D:2      | Learned a level 2 spell: Blink
  1418 | D:2      | Reached XP level 3. HP: 21/21 MP: 4/7
  1804 | D:2      | Reached XP level 4. HP: 15/27 MP: 5/8
  1876 | D:2      | Noticed Sigmund
  2560 | D:2      | Killed from afar by Sigmund

Illustrated notes

Levels and vault maps discovered:
D:1:      reono_arrival_mine, layout_basic, chequers_serial_rivers_small_a,
          minmay_misc_feat_nine_boxes
D:2:      minmay_recursive_quarters, layout_loops_ring, kennysheep_nub,
          uniq_sigmund

Skill      XL: |  1  2 |
---------------+-------+-----
Stealth        | 3 |  3.3
Dodging        | |  2.5
Spellcasting   | |  3.2
Conjurations   | |  1.9
Summonings     | |  1.6
Translocations | |  1.7

Action                     |  1- 3 |  4- 6 || total
---------------------------+-------+-------++-------
  Melee: Dagger            |     2 |       ||     2
         Constrict         |     9 |     2 ||    11
         Short sword       |    45 |    10 ||    55
         Tentacles         |     9 |     3 ||    12
   Cast: Magic Dart        |    38 |    19 ||    57
         Call Imp          |     7 |     7 ||    14
         Blink             |       |     1 ||     1
   Stab: Sleeping          |     2 |       ||     2
 Armour: Skin              |     3 |       ||     3
  Dodge: Dodged            |    23 |     2 ||    25

Table legend: (Time is in decaauts)
 A = Elapsed time spent in this place.
 B = Non-inter-level travel time spent in this place.
 C = Inter-level travel time spent in this place.
 D = Time resting spent in this place.
 E = Time spent auto-exploring this place.
 F = Levels seen in this place.
 G = Mean time per level.
                   A        B        C        D        E       F      G
               +--------+--------+--------+--------+--------+-----+--------+
         Total |   2550 |   2529 |     21 |    100 |   1981 |   2 | 1275.0 |
       Dungeon |   2550 |   2529 |     21 |    100 |   1981 |   2 | 1275.0 |
               +--------+--------+--------+--------+--------+-----+--------+

Top non-repeatable levels by time:
     D:2: 1276 daAuts
     D:1: 1274 daAuts
